 Dungeon Crawl Stone Soup version 0.19-a0-1686-g35356ef (webtiles) character file.

58 Flanowski the Insei (level 4, -4/22 HPs)
             Began as a Vine Stalker Transmuter on Sept 25, 2016.
             Slain by Sigmund
             ... wielding a +0 scythe
              (9 damage)
             ... on level 2 of the Dungeon.
             The game lasted 00:02:49 (1157 turns).

Flanowski the Insei (Vine Stalker Transmuter)       Turns: 1157, Time: 00:02:49

Health: -4/22      AC:  3    Str: 13    XL:     4   Next: 2%
Magic:  0/8        EV: 19    Int: 13    God:
Gold:   69         SH:  0    Dex: 20    Spells: 3 memorised, 2 levels left

rFire  . . .     SeeInvis .       - Unarmed
rCold  . . .     Gourm    .     (armour currently unavailable)
rNeg   . . .     Faith    .     (shield currently unavailable)
rPois  x         Spirit   +     (helmet currently unavailable)
rElec  .         Dismiss  .     (cloak currently unavailable)
rCorr  .         Reflect  .     (gloves currently unavailable)
MR     .....     Harm     .     (boots currently unavailable)
Stlth  ++........               (no amulet)
                                (no ring)
                                (no ring)

@: spider-form (expiring)
A: (fangs 0), regeneration 1, magic shield, (antimagic bite), no device heal 3,
rot immunity
a: End Transformation


You were on level 2 of the Dungeon.
You were not hungry.
You were a venomous arachnid creature.
You visited 1 branch of the dungeon, and saw 2 of its levels.

You collected 69 gold pieces.

Inventory:

Missiles
 a - 38 arrows
Armour
 b - a +0 robe (melded)
Scrolls
 e - a scroll of teleportation {unknown}
 g - a scroll of fog {unknown}
 h - a scroll of amnesia {unknown}
 n - 2 scrolls of identify {unknown}
Potions
 i - a potion of flight {unknown}
 j - 2 potions of haste {unknown}
 l - 2 potions of lignification {unknown}
Books
 c - a book of Changes

   Spells                             Type                      Level
   a - Beastly Appendage              Transmutation                1
   b - Sticks to Snakes               Transmutation                2
   c - Spider Form                    Transmutation/Poison         3
   d - Ice Form                       Ice/Transmutation            4
   e - Blade Hands                    Transmutation                5
Comestibles
 d - 2 bread rations
 f - a slice of pizza
 k - 11 chunks of flesh
 m - a meat ration


   Skills:
 * Level 1.3 Fighting
 + Level 1.8 Dodging
 * Level 3.7 Unarmed Combat
 + Level 2.5 Spellcasting
 * Level 2.7 Transmutations


You had 2 spell levels left.
You knew the following spells:

 Your Spells              Type           Power        Failure   Level  Hunger
a - Beastly Appendage     Tmut           #.....       24%         1    #......
b - Sticks to Snakes      Tmut           #.......     32%         2    ###....
c - Spider Form           Tmut/Pois      #.........   61%         3    ###....


Dungeon Overview and Level Annotations

Branches:
Dungeon (2/15)

Altars:

Annotations:
D:2 Robin, Sigmund


Innate Abilities, Weirdness & Mutations

((You have extremely sharp teeth.))
Your natural rate of healing is unusually fast.
When hurt, damage is shared between your health and your magic reserves.
((Your bite disrupts and absorbs the magic of your enemies.))
Potions and wands cannot restore your health.
You are immune to rotting.


Message History

A puff of flame appears from out of thin air!
The puff of flame hits you!
You bump into the rock wall.
You feel less confused. Something hits you.
Casting: Beastly Appendage
Confirm with . or Enter, or press ? or * to list all spells.
You turn into a venomous arachnid creature.
Your +0 robe melds into your body.
Something hits you.
You hear some strange, mumbled words.
A magic dart appears from out of thin air!
The magic dart hits you!
Your transformation is almost over.
You hear some strange, mumbled words.
A magic dart appears from out of thin air!
The magic dart hits you!
* * * LOW HITPOINT WARNING * * *
Something hits you!
You die...

######### # ##........ ..
#######......... .$........
.>.............. ..........<
#######......... ............
###...............
.............###s..#####.......(.
.................### #....(....
..............#### #........(
.............. #.........
..........>#.. ######..##
.<............ ##.#
.).......###.. .... #.#
...g...)...... ....# ####.##
..........###. .....####.....#


There were no monsters in sight!

Vanquished Creatures
  A gnoll (D:1)
  A worm (D:1)
  2 dart slugs (D:1)
  2 leopard geckos (D:2)
  3 bats
  4 giant cockroaches
  2 hobgoblins (D:1)
  4 jackals (D:2)
  A frilled lizard (D:2)
  10 goblins
  4 kobolds
  4 rats
38 creatures vanquished.

Notes
Turn   | Place    | Note
-------+----------+-------------------------------------------
     0 | D:1      | Flanowski the Vine Stalker Transmuter began the quest for the Orb.
     0 | D:1      | Reached XP level 1. HP: 9/9 MP: 4/4
    40 | D:1      | Reached XP level 2. HP: 8/14 MP: 3/6
   272 | D:1      | Reached skill level 1 in Fighting
   433 | D:1      | Reached XP level 3. HP: 8/18 MP: 2/7
   878 | D:2      | Noticed Sigmund
   878 | D:2      | Noticed Robin
  1096 | D:2      | Gained mutation: Your natural rate of healing is unusually fast. [Vine Stalker growth]
  1096 | D:2      | Reached XP level 4. HP: 16/22 MP: 8/8
  1106 | D:2      | Learned a level 2 spell: Sticks to Snakes
  1110 | D:2      | Learned a level 3 spell: Spider Form
  1157 | D:2      | Slain by Sigmund

Vault maps used:
D:1:      mrwooster_arrival_statue_2, minmay_heptomino_h4
D:2:      uniq_sigmund, uniq_robin

Skill      XL: |  1  2 |
---------------+-------+-----
Fighting       | 1 |  1.3
Dodging        | |  1.8
Unarmed Combat | |  3.7
Spellcasting   | |  2.5
Transmutations | |  2.7

Action                   |  1- 3 |  4- 6 || total
-------------------------+-------+-------++-------
Melee: Unarmed           |   108 |     1 ||   109
       Bite              |    24 |       ||    24
       Kick              |     8 |       ||     8
       Headbutt          |    13 |       ||    13
 Cast: Beastly Appendage |    22 |       ||    22
       Spider Form       |       |     1 ||     1
  Eat: Chunk             |     1 |       ||     1
Armor: Robe              |    20 |       ||    20
Dodge: Dodged            |   104 |       ||   104
